 Dungeon Sprint DCSS version 0.23.1-37-gaa34b87 (webtiles) character file.

Game seed: 11949877953541043151

6209 Fang the Fighter (level 10, -3/75 HPs)
             Began as a Gargoyle Berserker on Mar 21, 2019.
             Was the Champion of Trog.
             Slain by a yak (10 damage)
             ... in the Dungeon (Sprint IX: "|||||||||||||||||||||||||||||").
             The game lasted 00:02:12 (1245 turns).

Fang the Fighter (Gargoyle Berserker)               Turns: 1245, Time: 00:02:13

Health: -3/75      AC: 20    Str: 27    XL:     10   Next: 92%
Magic:  3/3        EV: 18    Int:  8    God:    Trog [******]
Gold:   13         SH:  0    Dex:  9    Spells: 9/9 levels left

rFire    . . .     SeeInvis .   v - +4 executioner's axe (antimagic)
rCold    + . .     Gourm    .   (shield currently unavailable)
rNeg     + . .     Faith    .   j - +4 ring mail {rC+}
rPois    ∞         Spirit   .   r - +0 helmet
rElec    +         Reflect  .   (no cloak)
rCorr    .         Harm     .   (no gloves)
MR       .....     NoTele   +   (no boots)
Stlth    ..........             (no amulet)
HPRegen  0.22/turn              o - +2 ring of evasion
MPRegen  0.08/turn              p - +3 ring of strength

@: berserk cooldown, slowed, very slow
A: negative energy resistance 1, electricity resistance, unbreathing,
petrification resistance, rot immunity, AC +7
a: Berserk, Trog's Hand, Brothers in Arms, Renounce Religion


You were in the Dungeon.
You worshipped Trog.
Trog was exalted by your worship.
You were very hungry.

You visited 1 branch You collected 13 gold pieces.

Inventory:

Hand Weapons
 n - a +1 broad axe of chopping
 t - a +1 battleaxe of electrocution
 v - a +4 antimagic executioner's axe (weapon)
Armour
 j - a +4 ring mail of cold resistance (worn)
 r - a +0 helmet (worn)
Jewellery
 o - a +2 ring of evasion (left hand)
 p - a +3 ring of strength (right hand)
Wands
 m - a wand of acid (10)
Scrolls
 i - 2 scrolls of blinking
 l - 7 scrolls of remove curse
 q - a scroll of identify
 s - 2 scrolls of enchant armour
Potions
 a - a potion of might
 b - a potion of resistance
 d - 5 potions of curing
 e - 5 potions of heal wounds
 f - 2 potions of haste
 g - 4 potions of magic
 h - 2 potions of berserk rage
 k - a potion of invisibility
Comestibles
 c - a ration
 u - 11 chunks of flesh


   Skills:
 + Level 14.0 Fighting
 + Level 12.0 Axes
 + Level 13.8 Armour
 + Level 11.0 Dodging


You had 9 spell levels left.
You didn't know any spells.
Your spell library was empty.

Dungeon Overview and Level Annotations

Branches:
Dungeon (1/1)

Altars:
Cheibriados
Dithmenos
Elyvilon
Fedhas
Gozag
Hepliaklqana
Kikubaaqudgha
Makhleb
Nemelex Xobeh
Okawaru
Qazlal
Ru
Sif Muna
Trog
Uskayaw
Vehumet
Wu Jian
Xom
Yredelemnul
Zin
The Shining One
Beogh
Jiyva
Lugonu


Innate Abilities, Weirdness & Mutations

You are resistant to torment.
Your stone body is resilient. (AC +7)
You are immune to poison.
You resist negative energy. (rN+)
You are resistant to electric shocks. (rElec)
You can survive without breathing.
You are immune to petrification.
You are immune to rotting.


Message History

The yak is lightly wounded.
The yak completely misses you. x2
You hit the yak.
The yak is moderately wounded.
Your troll rages.
The yak gores you.
* * * LOW HITPOINT WARNING * * *
The yak gores you but does no damage.
You barely miss the yak.
The yak is moderately wounded.
The yak barely misses you. The yak gores you but does no damage.
You hit the yak.
The yak is moderately wounded.
The yak closely misses you.
Your troll rages.
The yak gores you but does no damage. The yak completely misses you.
You barely miss the yak.
The yak is moderately wounded.
The yak gores you!
You die...

▓▓▓▓▓▓▓▓▓▓▓▓▓▓▓▓▓▓▓▓▓▓▓▓▓▓▓▓▓
..'.÷.......÷..T@Y....†....YY
▓▓▓▓▓▓▓▓▓▓▓▓▓▓▓▓▓▓▓▓▓▓▓▓▓▓▓▓▓▓▓▓▓
.................................
▓▓▓▓▓▓▓▓▓▓▓▓▓▓▓▓▓▓▓▓▓▓▓▓▓▓▓▓▓▓▓▓▓
______________________'.?|)[[...)
▓▓▓▓▓▓▓▓▓▓▓▓▓▓▓▓▓▓▓▓▓▓▓▓▓▓▓▓▓▓▓▓▓


You could see a yak and a friendly troll (berserk).

Vanquished Creatures
  2 two-headed ogres (D)
  A death yak (D)
  A spiny frog (D)
  2 komodo dragons (D)
  A tengu conjurer (D)
  A troll (D)
  A polar bear (D)
  A wyvern (D)
  2 yaks (D)
  2 porcupines (D)
  An orc warrior (D)
  A centaur (D)
  4 crocodiles (D)
  4 bullfrogs (D)
  A howler monkey (D)
  2 crimson imps (D)
  A hound (D)
  A shadow imp (D)
  A leopard gecko (D)
  A ball python (D)
  A bat skeleton (D)
  A bat zombie (D)
  A giant cockroach (D)
  A goblin (D)
  A hobgoblin (D)
  A kobold (D)
  A quokka (D)
  A quokka zombie (D)
39 creatures vanquished.

Vanquished Creatures (collateral kills)
  3 death yaks (D)
  A spiny frog (D)
  A komodo dragon (D)
  2 yaks (D)
  A bullfrog (D)
8 creatures vanquished.

Grand Total: 47 creatures vanquished

Notes
Turn   | Place    | Note
-------+----------+-------------------------------------------
     0 | D        | Fang the Gargoyle Berserker began the quest for the Orb.
     0 | D        | Reached XP level 1. HP: 14/14 MP: 1/1
    16 | D        | Reached ** piety under Trog
    27 | D        | Reached XP level 2. HP: 10/20 MP: 2/2
   186 | D        | Noticed a crimson imp
   186 | D        | Noticed a centaur
   192 | D        | Killed a crimson imp
   192 | D        | Reached *** piety under Trog
   192 | D        | Reached skill level 4 in Fighting
   192 | D        | Reached XP level 3. HP: 25/25 MP: 3/3
   196 | D        | Reached skill level 5 in Fighting
   196 | D        | Reached XP level 4. HP: 31/31 MP: 4/4
   199 | D        | Killed a centaur
   199 | D        | Reached skill level 6 in Fighting
   199 | D        | Reached skill level 5 in Axes
   199 | D        | Reached XP level 5. HP: 37/37 MP: 5/5
   259 | D        | Found a roughly hewn altar of Beogh.
   259 | D        | Found a snail-covered altar of Cheibriados.
   259 | D        | Found a shadowy altar of Dithmenos.
   259 | D        | Found a white marble altar of Elyvilon.
   259 | D        | Found a blossoming altar of Fedhas.
   259 | D        | Found an opulent altar of Gozag.
   260 | D        | Found a hazy altar of Hepliaklqana.
   261 | D        | Found a viscous altar of Jiyva.
   262 | D        | Found an ancient bone altar of Kikubaaqudgha.
   263 | D        | Found a corrupted altar of Lugonu.
   264 | D        | Found a burning altar of Makhleb.
   265 | D        | Found a sparkling altar of Nemelex Xobeh.
   266 | D        | Found an iron altar of Okawaru.
   267 | D        | Found a stormy altar of Qazlal.
   268 | D        | Found a sacrificial altar of Ru.
   269 | D        | Found a deep blue altar of Sif Muna.
   270 | D        | Found a bloodstained altar of Trog.
   271 | D        | Found a hide-covered altar of Uskayaw.
   272 | D        | Found a radiant altar of Vehumet.
   273 | D        | Found an ornate altar of the Wu Jian Council.
   274 | D        | Found a shimmering altar of Xom.
   275 | D        | Found a basalt altar of Yredelemnul.
   276 | D        | Found a glowing silver altar of Zin.
   277 | D        | Found a glowing golden altar of the Shining One.
   332 | D        | Noticed a wyvern
   332 | D        | Noticed an orc warrior
   341 | D        | Killed a wyvern
   341 | D        | Reached **** piety under Trog
   341 | D        | Reached skill level 7 in Fighting
   341 | D        | Reached skill level 5 in Dodging
   341 | D        | Reached XP level 6. HP: 40/44 MP: 6/6
   345 | D        | Killed an orc warrior
   345 | D        | Reached skill level 8 in Fighting
   349 | D        | Reached ***** piety under Trog
   449 | D        | Noticed a two-headed ogre
   449 | D        | Noticed a two-headed ogre
   449 | D        | Noticed a troll
   449 | D        | Noticed a tengu conjurer
   453 | D        | Killed a two-headed ogre
   453 | D        | Reached skill level 10 in Fighting
   453 | D        | Reached skill level 10 in Armour
   453 | D        | Reached XP level 7. HP: 52/52 MP: 7/7
   453 | D        | Reached XP level 8. HP: 57/57 MP: 8/8
   458 | D        | Killed a two-headed ogre
   458 | D        | Reached skill level 11 in Fighting
   458 | D        | Reached XP level 9. HP: 64/64 MP: 9/9
   463 | D        | Killed a troll
   466 | D        | Killed a tengu conjurer
   466 | D        | Reached skill level 10 in Axes
   750 | D        | Noticed a komodo dragon
   750 | D        | Noticed a komodo dragon
   750 | D        | Noticed a komodo dragon
   757 | D        | Reached ****** piety under Trog
   764 | D        | Killed a komodo dragon
   764 | D        | Reached skill level 12 in Fighting
   764 | D        | Noticed a spiny frog
   771 | D        | Killed a komodo dragon
   772 | D        | Received a gift from Trog
   775 | D        | Killed a komodo dragon
   779 | D        | Killed a spiny frog
  1043 | D        | Noticed a spiny frog
  1043 | D        | Noticed a polar bear
  1045 | D        | Reached XP level 10. HP: 72/72 MP: 10/10
  1054 | D        | Killed a spiny frog
  1054 | D        | Received a gift from Trog
  1054 | D        | Reached skill level 10 in Dodging
  1058 | D        | Reached skill level 13 in Fighting
  1204 | D        | Noticed a death yak
  1204 | D        | Noticed a death yak
  1204 | D        | Noticed a death yak
  1207 | D        | Noticed a death yak
  1210 | D        | Killed a death yak
  1213 | D        | Killed a death yak
  1225 | D        | Killed a death yak
  1238 | D        | Killed a death yak
  1238 | D        | Reached skill level 14 in Fighting
  1245 | D        | Slain by a yak

Skill      XL: |  1  2  3  4  5  6  7  8  9 10 |
---------------+-------------------------------+-----
Axes           | 3 4 5 6 8 9 10 12 | 12.0
Dodging        | 2 3 4 5 7 8 9 11 | 11.0
Armour         | 3 4 6 7 10 12 13 | 13.8
Fighting       | 4 5 6 7 10 11 12 14 | 14.0

Action                   |  1- 3 |  4- 6 |  7- 9 | 10-12 || total
-------------------------+-------+-------+-------+-------++-------
Melee: Hand axe          |    32 |     6 |       |       ||    38
       Broad axe         |       |    20 |    32 |       ||    52
       Battleaxe         |       |       |     1 |    23 ||    24
       Executioner's axe |       |       |       |    23 ||    23
Invok: Berserk           |     1 |     2 |     2 |     1 ||     6
       Brothers in Arms  |       |       |     1 |     2 ||     3
  Eat: Chunk             |       |       |     4 |     2 ||     6
Armor: Animal skin       |     7 |     1 |       |       ||     8
       Chain mail        |       |     4 |     5 |       ||     9
       Ring mail         |       |       |     4 |    13 ||    17
Dodge: Dodged            |    21 |    14 |    14 |    23 ||    72
